Unix NetHack Version 5.0.0-0 post-release - last build May 17 2026 04:57:42 (dc50c8380fa5e20985bfe3072449f57b8d9895ef,branch:main).

Game began 2026-05-21 23:24:47, ended 2026-05-21 23:35:09.

Drastanta, lawful male human Samurai

                                                                 ---
                                                             ........
                                                             .........
                                                            ....|......
                                                            ...%|.d...>
                                                            ..G%)@d....
                                                            ...|)......
                                                               ---.---
                                                                  --

Drastanta the Ronin    St:16 Dx:16 Co:18 In:9 Wi:7 Ch:9  Lawful
Dlvl:7  $:70 HP:0(54) Pw:10(10) AC:4  Xp:5 T:1385 

Latest messages:
 What do you want to write in the dust here? Elbereth
 The wolf turns to flee.
 The werewolf turns to flee.
 The wolf turns to flee.
 The wolf turns to flee.
 The werewolf turns to flee.
 The wolf turns to flee.
 The werewolf turns to flee.
 You are hit by an arrow!
 You already found a monster.  Use 'm' prefix to force another search.
 You already found a monster.  Use 'm' prefix to force another search.
 You already found a monster.  Use 'm' prefix to force another search.
 You already found a monster.  Use 'm' prefix to force another search.
 You already found a monster.  Use 'm' prefix to force another search.
 You already found a monster.  Use 'm' prefix to force another search.
 You already found a monster.  Use 'm' prefix to force another search.
 You already found a monster.  Use 'm' prefix to force another search.
 You already found a monster.  Use 'm' prefix to force another search.
 You already found a monster.  Use 'm' prefix to force another search.
 You already found a monster.  Use 'm' prefix to force another search.
 You already found a monster.  Use 'm' prefix to force another search.
 You already found a monster.  Use 'm' prefix to force another search.
 You already found a monster.  Use 'm' prefix to force another search.
 You already found a monster.  Use 'm' prefix to force another search.
 You already found a monster.  Use 'm' prefix to force another search.
 You already found a monster.  Use 'm' prefix to force another search.
 You already found a monster.  Use 'm' prefix to force another search.
 You already found a monster.  Use 'm' prefix to force another search.
 You already found a monster.  Use 'm' prefix to force another search.
 You already found a monster.  Use 'm' prefix to force another search.
 You already found a monster.  Use 'm' prefix to force another search.
 You already found a monster.  Use 'm' prefix to force another search.
 What do you want to zap? [prz or ?*] <esc>
 Never mind.
 c - a blessed +0 yumi (weapon in right hand).
 a - a +0 katana (alternate weapon; not wielded).
 The werewolf bites!
 In what direction? <esc>
 What do you want to read? [fnAB or ?*] ?
 As you read the scroll, it disappears.
 A lit field surrounds you!
 What do you want to read? [nAB or ?*] ?
 As you read the scroll, it disappears.
 This is a charging scroll.
 What do you want to charge? [prz or ?*] p
 Your uranium wand vibrates briefly.
 The wolf bites!
 You die...
 Do you want your possessions identified? [ynq] (y) y
 Do you want to see your attributes? [ynq] (y) q

Inventory:
 Coins    ('$')
  $ - 70 gold pieces
 Weapons  (')')
  d - 43 +0 ya (in quiver)
  c - a blessed +0 yumi (weapon in right hand)
  a - a +0 katana (alternate weapon; not wielded)
  b - a +0 wakizashi
 Armor    ('[')
  x - an uncursed +0 pair of iron shoes
  y - an uncursed +2 dwarvish cloak
  e - an uncursed rustproof +0 splint mail (being worn)
 Comestibles  ('%')
  k - 2 uncursed gunyoki
  s - an uncursed lembas wafer
 Scrolls  ('?')
  A - an uncursed scroll of teleportation
 Spellbooks  ('+')
  n - an uncursed spellbook of confuse monster
 Potions  ('!')
  h - an uncursed potion of gain energy
  i - an uncursed potion of healing
  q - an uncursed potion of object detection
  w - an uncursed potion of sake
  o - an uncursed potion of speed
 Rings    ('=')
  g - an uncursed ring of teleport control
 Wands    ('/')
  z - a cursed wand of cancellation (0:5)
  r - a wand of speed monster (0:6)
  p - a wand of undead turning (1:0)
 Tools    ('(')
  j - an uncursed osaku
  v - an uncursed tin whistle
  l - an uncursed towel

Drastanta the Samurai's attributes:

Background:
 You were a Ronin, a level 5 male human Samurai.
 You were lawful, on a mission for Amaterasu Omikami
 who was opposed by Raijin (neutral) and Susanowo (chaotic).
 You were right-handed.
 You were in the Gnomish Mines, on level 7.
 You entered the dungeon 1385 turns ago.
 It was nighttime.
 You had 257 experience points, 63 more were needed to attain level 6.

Basics:
 You had 0 out of 54 hit points.
 You had all 10 energy points (spell power).
 Your armor class was 4.
 Your wallet contained 70 zorkmids.
 Autopickup was off.

Final Characteristics:
 Your strength was 16 (limit:18/100).
 Your dexterity was 16 (limit:18).
 Your constitution was 18 (limit:18).
 Your intelligence was 9 (limit:18).
 Your wisdom was 7 (limit:18).
 Your charisma was 9 (limit:18).

Final Status:
 You weren't hungry.
 You were unencumbered.
 You were wielding a bow.
 You had basic skill with bow.

Final Attributes:
 You were devoutly aligned.
 You were telepathic.
 You were warded.
 You were fast.
 You are dead.

Miscellaneous:
 You didn't encounter any bones levels.
 Total elapsed playing time was 10 minutes and 22 seconds.

Major events:
 Turn
    1: Drastanta the lawful male human Samurai entered the dungeon
  847: attained the rank of Ronin (level 3)
  898: entered the Gnomish Mines
 1385: killed by a wolf

You didn't know any spells.

Skills:
 Fighting Skills
   martial arts      [Basic]
   two weapon combat [Unskilled]
   riding            [Unskilled]
 Weapon Skills
   dagger            [Unskilled]
   knife             [Unskilled]
   short sword       [Basic]
   broadsword        [Unskilled]
   long sword        [Basic]
   two-handed sword  [Unskilled]
   saber             [Unskilled]
   flail             [Unskilled]
   quarterstaff      [Unskilled]
   polearms          [Unskilled]
   spear             [Unskilled]
   lance             [Unskilled]
   bow               [Basic]
   shuriken          [Unskilled]
 Spellcasting Skills
   attack spells     [Unskilled]
   divination spells [Unskilled]
   clerical spells   [Unskilled]

Voluntary challenges:
 Character rerolling was not enabled.
 You never genocided any monsters.
 You never polymorphed an object.
 You never changed form.
 You used no wishes.
Achievements:
 You attained the rank of Ronin.
 You entered the Gnomish Mines.

 The Dungeons of Doom: levels 1 to 5
    Level 1:
       A fountain, a sink.
    Level 2:
    Level 3:
       Some fountains.
    Level 4:
       A fountain.
       Stairs down to The Gnomish Mines.
    Level 5:
 The Gnomish Mines: levels 5 to 7
    Level 5:
    Level 7: <- You were here.
       Final resting place for
          you, killed by a wolf.


Vanquished creatures:
  a giant spider
  a dwarf leader
  4 gnome leaders
  a floating eye
  a dwarf
  a wererat
 an iguana
  a yellow mold
 12 gnomes
  a garter snake
  2 geckos
  3 jackals
  3 goblins
  2 grid bugs
  a lichen
  a kobold zombie
  4 newts
40 creatures vanquished.

No species were genocided or became extinct.

Game over:
                       ----------
                      /          \
                     /    REST    \
                    /      IN      \
                   /     PEACE      \
                  /                  \
                  |    Drastanta     |
                  |      70 Au       |
                  | killed by a wolf |
                  |                  |
                  |                  |
                  |                  |
                  |       2026       |
                 *|     *  *  *      | *
        _________)/\\_//(\/(/\)/\//\/|_)_______

Sayonara Drastanta the Samurai...

You died in The Gnomish Mines on dungeon level 7 with 1411 points,
and 70 pieces of gold, after 1385 moves.
You were level 5 with a maximum of 54 hit points when you died.

